 Dungeon Crawl Stone Soup version 0.30-a0-165-g1891117ce2 (webtiles) character file.

Game seed: 2143447238044789650

214 qw the Chopper (level 5, -5/32 HPs)
             Began as a Gargoyle Fighter on Sept 28, 2022.
             Slain by an ogre
             ... wielding a +0 giant club
              (8 damage)
             ... on level 4 of the Dungeon.
             The game lasted 00:01:15 (3525 turns).

qw the Chopper (Gargoyle Fighter)                   Turns: 3525, Time: 00:01:15

Health: -5/32      AC: 13    Str: 21    XL:     5   Next: 91%
Magic:  5/5        EV:  7    Int:  9    God:
Gold:   154        SH:  4    Dex:  9    Spells: 4/4 levels left

rFire   . . .      SeeInvis .    Y - +0 war axe
rCold   . . .      Faith    .    c - +0 buckler
rNeg    + . .      Spirit   .    m - +0 chain mail
rPois   inf        Reflect  .    (no helmet)
rElec   +          Harm     .    (no cloak)
rCorr   .          Rampage  .    (no gloves)
Will    .....                    (no boots)
Stlth   ..........               (no amulet)
HPRegen 0.10/turn                (no ring)
MPRegen 0.09/turn                (no ring)

@: about to teleport
A: sickness immunity, AC +4, negative energy resistance 1, electricity
resistance, torment resistance 1, petrification resistance
a: no special abilities


You were on level 4 of the Dungeon.
You visited 1 branch of the dungeon, and saw 4 of its levels.

You collected 154 gold pieces.


Innate Abilities, Weirdness & Mutations

You are immune to sickness and miasma.
Your stone body is resilient. (AC +4)
You are immune to poison.
You resist negative energy. (rN+)
You are resistant to electric shocks. (rElec)
You are resistant to unholy torment.
You are immune to petrification.


   Skills:
 + Level 3.3 Fighting
 - Level 5.1 Axes
 - Level 1.2 Throwing
 - Level 3.2 Armour
 - Level 3.2 Shields


You had 4 spell levels left.
You didn't know any spells.
Your spell library was empty.

Inventory:

Hand Weapons
 q - a +0 flail
 Y - a +0 war axe (weapon)
Missiles
 r - a boomerang of dispersal (quivered)
Armour
 c - a +0 buckler (worn)
 h - a +1 scale mail of cold resistance
 m - a +0 chain mail (worn)
Jewellery
 b - an amulet of regeneration
Scrolls
 a - 2 scrolls of poison {unknown}
 g - a scroll of identify
Potions
 d - 2 potions of might
 e - a potion of curing
 f - a potion of cancellation
 i - a potion of heal wounds {unknown}
 j - a potion of mutation {unknown}
 l - a potion of haste {unknown}
 n - a potion of magic {unknown}
 o - 2 potions of degeneration {unknown}
 p - a potion of resistance {unknown}

Dungeon Overview and Level Annotations

Branches:
Dungeon (4/15)
 Temple: D:4-7

Altars:
Fedhas
Hepliaklqana
Makhleb
Ru
Vehumet


Message History

The hound is moderately wounded.
You slash the orc!
You kill the orc!
You hit the goblin. The hound closely misses you.
The orc hits you but does no damage. The goblin barely misses you.
You block the hound's attack. The goblin hits you but does no damage.
You block the orc's attack.
You slash the goblin!
You kill the goblin!
You hit the hound but do no damage. The hound bites you.
The orc hits you but does no damage. The hound barely misses you.
An ogre comes into view. It is wielding a +0 giant club.
You barely miss the hound.
The hound is moderately wounded.
The ogre shouts!
You slash the orc!
You kill the orc!
The hound completely misses you. The orc completely misses you.
The hound barely misses you.
You closely miss the hound.
The hound is moderately wounded.
The hound barely misses you. The orc hits you but does no damage.
The hound bites you but does no damage.
The orc hits you from afar with a +0 trident.
You closely miss the hound.
The hound is moderately wounded.
You hit the ogre but do no damage. The hound bites you.
The orc hits you from afar with a +0 trident.
The ogre closely misses you. You block the hound's attack.
3524 ||| READING scroll of teleportation.
As you read the scroll of teleportation, it crumbles to dust.
You feel strangely unstable. The hound bites you but does no damage.
The orc hits you but does no damage.
You miss the hound.
The hound is moderately wounded.
You hit the ogre. The hound bites you. The ogre hits you with a +0 giant club!
You die...

.#
...................# #
.#
..................###
.#
###.................
.#
#.......#........###
.# #.####...#........#
# ##
.###....#...###......#
# ...# ##....#
#......# # #.g#O##.##
#......# # #h@.#.#
#......# # ##)##.#
#.###### # .#o .# #.
.. #..# ### ... .. ..#
..


You could see an ogre, a hound, an orc and a hobgoblin.

Vanquished Creatures
  A hound (D:4)
  2 iguanas (D:4)
  4 adders
  4 worms
  2 dart slugs
  6 orcs
  6 endoplasms
  3 giant cockroaches
  7 goblins
  8 hobgoblins
  3 jackals (D:1)
  2 quokkas
  4 ball pythons
  4 bats
  3 frilled lizards
  4 kobolds
  6 rats
69 creatures vanquished.

Notes
Turn   | Place    | Note
-------+----------+-------------------------------------------
     0 | D:1      | qw the Gargoyle Fighter began the quest for the Orb.
     0 | D:1      | Reached XP level 1. HP: 14/14 MP: 1/1
     0 | D:1      | 0 ||| qw: Version: 0.2-a-12-gaebbb33
     0 | D:1      | 0 ||| qw: Game counter: 743
     0 | D:1      | 0 ||| qw: Always use a shield: true
     0 | D:1      | 0 ||| qw: God list: Okawaru
     0 | D:1      | 0 ||| qw: Allow faded altars: false
     0 | D:1      | 0 ||| qw: Do Orc after D:15 true
     0 | D:1      | 0 ||| qw: Do second Lair branch before Depths: true
     0 | D:1      | 0 ||| qw: Lair rune preference: random
     0 | D:1      | 0 ||| qw: Plans: Normal, Zot:1-4, God:TSO, Crypt, Tomb,
                  | Pan, Slime:5, Hells, Abyss, Orb
     0 | D:1      | 0 ||| PLANNING D:1-11
    81 | D:1      | Reached skill level 2 in Axes
   377 | D:1      | HP: 3/14 [frozen (2)]
   379 | D:1      | Reached XP level 2. HP: 4/19 MP: 2/2
   620 | D:1      | 620 ||| Stepping ~*~*~tactically~*~*~ (stealth).
   625 | D:1      | 625 ||| Stepping ~*~*~tactically~*~*~ (stealth).
   629 | D:1      | 629 ||| Stepping ~*~*~tactically~*~*~ (stealth).
   864 | D:1      | 864 ||| Stepping ~*~*~tactically~*~*~ (stealth).
   865 | D:1      | 865 ||| Stepping ~*~*~tactically~*~*~ (stealth).
  1043 | D:1      | Reached skill level 3 in Axes
  1067 | D:1      | Reached XP level 3. HP: 23/23 MP: 3/3
  1136 | D:1      | 1136 ||| READING scroll labelled FYLIDOTEJEM.
  1137 | D:1      | 1137 ||| READING 2 scrolls labelled LIESINTO EDUUBBAZA.
  1138 | D:1      | 1138 ||| READING scroll labelled FUERACI EWYV.
  1143 | D:1      | 1143 ||| READING scroll labelled QOECOM UREDGH.
  1144 | D:1      | 1144 ||| DRINKING 2 murky puce potions.
  1145 | D:1      | 1145 ||| DRINKING 2 clear potions.
  1251 | D:1      | 1251 ||| DROPPING potion of berserk rage.
  1341 | D:2      | 1341 ||| FLEEEEING.
  1343 | D:2      | 1343 ||| FLEEEEING.
  1344 | D:2      | 1344 ||| FLEEEEING.
  1347 | D:2      | 1347 ||| FLEEEEING.
  1348 | D:2      | 1348 ||| FLEEEEING.
  1357 | D:2      | 1357 ||| FLEEEEING.
  1358 | D:2      | 1358 ||| STAIRDANCE
  1400 | D:1      | 1400 ||| DROPPING orb of wrath.
  1639 | D:2      | 1639 ||| Stepping ~*~*~tactically~*~*~ (stealth).
  1640 | D:2      | 1640 ||| Stepping ~*~*~tactically~*~*~ (stealth).
  1644 | D:2      | 1644 ||| Stepping ~*~*~tactically~*~*~ (stealth).
  1645 | D:2      | 1645 ||| Stepping ~*~*~tactically~*~*~ (stealth).
  1646 | D:2      | 1646 ||| Stepping ~*~*~tactically~*~*~ (stealth).
  1651 | D:2      | Reached XP level 4. HP: 28/28 MP: 4/4
  1748 | D:2      | Reached skill level 4 in Axes
  2043 | D:2      | 2043 ||| UPGRADING to +0 chain mail.
  2053 | D:2      | 2053 ||| DROPPING +0 scale mail.
  2054 | D:2      | 2054 ||| READING scroll labelled RAQILA MUDGHUVO.
  2090 | D:3      | 2090 ||| STAIRDANCE
  2096 | D:3      | 2096 ||| STAIRDANCE
  2105 | D:3      | Found a faded altar of an unknown god.
  2121 | D:3      | 2121 ||| DROPPING +0 club.
  2367 | D:3      | Found a radiant altar of Vehumet.
  2527 | D:3      | Found a hazy altar of Hepliaklqana.
  2545 | D:3      | Found a burning altar of Makhleb.
  2545 | D:3      | Found a sacrificial altar of Ru.
  2799 | D:3      | 2799 ||| READING scroll labelled RIHENA INUE.
  2800 | D:3      | 2800 ||| READING 2 scrolls of identify.
  2800 | D:3      | 2800 ||| IDENTIFYING dark potion
  2966 | D:4      | Reached XP level 5. HP: 32/32 MP: 5/5
  3073 | D:4      | 3073 ||| DROPPING +0 whip.
  3234 | D:4      | Found a blossoming altar of Fedhas.
  3307 | D:4      | Reached skill level 5 in Axes
  3519 | D:4      | Reached skill level 1 in Throwing
  3520 | D:4      | Noticed an ogre
  3523 | D:4      | HP: 7/32 [orc/+0 trident (5)]
  3524 | D:4      | 3524 ||| READING scroll of teleportation.
  3525 | D:4      | HP: 3/32 [hound (4)]
  3525 | D:4      | Slain by an ogre

Levels and vault maps discovered:
D:1:      ebering_hopf_link, layout_loops_corners
D:2:      layout_basic, mrwooster_statue_mirror
D:3:      layout_loops_ring, mainiacjoe_overflow_alcove_4,
          chequers_temple_overflow_statue_of_worship,
          chequers_ecumenical_altar_island, minmay_unequal
D:4:      layout_basic, mainiacjoe_overflow_alcove_1, kennysheep_small_spiral,
          minmay_pentomino_pile

Skill      XL: |  1  2  3  4  5 |
---------------+----------------+-----
Axes           | 2 3 4 5 |  5.1
Throwing       | 1 |  1.2
Fighting       | |  3.3
Armour         | |  3.2
Shields        | |  3.2

Action                   |  1- 3 |  4- 6 || total
-------------------------+-------+-------++-------
Melee: War axe           |    88 |   105 ||   193
Throw: Boomerang         |       |     2 ||     2
  Use: Scroll            |     4 |     4 ||     8
       Potion            |     2 |       ||     2
Armor: Scale mail        |    45 |     7 ||    52
       Chain mail        |       |    60 ||    60
Dodge: Dodged            |    35 |    36 ||    71
Block: Buckler           |    19 |    24 ||    43

Table legend:
 A = Non-vault XP
 B = Vault XP
 C = Vault XP percentage of total XP
 D = Non-vault monster count
 E = Vault monster count
 F = Vault count percentage of total count
                 A         B        C        D         E       F
            +---------+---------+-------+---------+---------+-------
      Total |     255 |      51 |  16.7 |      65 |       4 |   5.8
            +---------+---------+-------+---------+---------+-------
        D:1 |      34 |       0 |   0.0 |      19 |       0 |   0.0
        D:2 |      76 |       0 |   0.0 |      21 |       0 |   0.0
        D:3 |      48 |       6 |  11.1 |      16 |       2 |  11.1
        D:4 |      97 |      45 |  31.7 |       9 |       2 |  18.2
            +---------+---------+-------+---------+---------+-------
